 Dungeon Crawl Stone Soup version 0.28.0 (webtiles) character file.

Game seed: 17076608899901903771

32 Illumine the Insei (level 3, -2/20 HPs)
             Began as a Deep Elf Transmuter on Feb 8, 2022.
             Slain by Natasha (4 damage)
             ... on level 2 of the Dungeon.
             The game lasted 00:03:25 (1455 turns).

Illumine the Insei (Deep Elf Transmuter)            Turns: 1455, Time: 00:03:25

Health: -2/20      AC:  2    Str:  9    XL:     3   Next: 10%
Magic:  7/9        EV: 12    Int: 17    God:
Gold:   49         SH:  0    Dex: 15    Spells: 5/8 levels left

rFire   . . .      SeeInvis .     - Unarmed
rCold   . . .      Faith    .   (no shield)
rNeg    . . .      Spirit   .   a - +0 robe
rPois   .          Reflect  .   (no helmet)
rElec   .          Harm     .   (no cloak)
rCorr   .          Rampage  .   (no gloves)
Will    .....                   (no boots)
Stlth   +.........              c - amulet of regeneration
HPRegen 0.86/turn               (no ring)
MPRegen 0.11/turn               (no ring)

@: wereblooded
A: no striking features
a: no special abilities


You were on level 2 of the Dungeon.
You visited 1 branch of the dungeon, and saw 2 of its levels.

You collected 49 gold pieces.

Inventory:

Hand Weapons
 b - a +0 hunting sling
Missiles
 g - 68 stones
 k - 6 javelins
 m - 2 throwing nets
Armour
 a - a +0 robe (worn)
Jewellery
 c - an amulet of regeneration (around neck)
Scrolls
 h - a scroll of enchant weapon {unknown}
 i - a scroll of enchant armour {unknown}
 j - a scroll of silence {unknown}
 l - a scroll of identify {unknown}
 n - a scroll of immolation {unknown}
 o - a scroll of amnesia {unknown}
Potions
 d - a potion of haste {unknown}
 e - a potion of curing {unknown}
 f - a potion of flight {unknown}


   Skills:
 - Level 0.7 Fighting
 - Level 2.4 Dodging
 + Level 3.3 Unarmed Combat
 - Level 3.0 Spellcasting
 + Level 2.7 Transmutations


You had 5 spell levels left.
You knew the following spells:

 Your Spells              Type           Power      Damage    Failure   Level
a - Beastly Appendage     Tmut           22%        N/A       5%          1
b - Wereblood             Tmut           11%        N/A       9%          2

Your spell library contained the following spells:

 Spells                   Type           Power      Damage    Failure   Level
 Spider Form              Tmut/Pois      7%         N/A       30%         3
 Ice Form                 Ice/Tmut       7%         N/A       69%         4


Dungeon Overview and Level Annotations

Branches:
Dungeon (2/15)

Altars:

Annotations:
D:2 Natasha


Message History

Natasha is lightly wounded.
Natasha claws you!
You hit Natasha.
Natasha is moderately wounded.
Natasha misses you.
Your magical contamination has completely faded away.
You hit Natasha. You punch Natasha, but do no damage.
Natasha is heavily wounded.
Natasha barely misses you.
You barely miss Natasha.
Natasha is heavily wounded.
Natasha misses you.
You hit Natasha.
Natasha is heavily wounded.
Natasha mumbles some strange words.
You closely miss Natasha.
Natasha is heavily wounded.
Natasha barely misses you.
You hit Natasha.
Natasha is severely wounded.
The crimson imp blinks!
Natasha completely misses you.
You closely miss Natasha.
Natasha is severely wounded.
The crimson imp misses you. Natasha claws you.
You completely miss Natasha.
Natasha is severely wounded.
The crimson imp hits you. Natasha claws you.
You closely miss Natasha.
Natasha is severely wounded.
The crimson imp hits you but does no damage.
Natasha wildly gestures.
Natasha's front paws start to glow.
Natasha claws you.
* * * LOW HITPOINT WARNING * * *
You hit Natasha.
Natasha is almost dead.
The crimson imp hits you.
* * * LOW HITPOINT WARNING * * *
Natasha claws you.
You die...

...#.#.#........###...#
...#.#.#........# #.#.#
#..#.#.#........# ###..#
#..#.#.#........# #...
h.#.#.#........#####... ......
#.#...+................
.........##.###.#........#######.
....#.........5h######......# #.
....#.......####@....#......#####
......#..... #5###.#...........
.......##### ##...#+#.#+########
....#. #........#.# ...... ..#.#
#..........# ###### ....#
#.......#### .#### #.......#
....# #.......# ###### .##.#
#.......# #.....


You could see Natasha, a crimson imp (summoned) and a white imp (summoned).

Vanquished Creatures
  2 dart slugs (D:1)
  3 endoplasms
  2 giant cockroaches (D:2)
  4 goblins
  2 hobgoblins (D:1)
  2 jackals (D:1)
  2 kobolds (D:1)
  A quokka (D:1)
  2 ball pythons
  2 bats (D:1)
  A frilled lizard (D:2)
  3 rats
26 creatures vanquished.

Notes
Turn   | Place    | Note
-------+----------+-------------------------------------------
     0 | D:1      | Illumine the Deep Elf Transmuter began the quest for the
                  | Orb.
     0 | D:1      | Reached XP level 1. HP: 11/11 MP: 6/6
   259 | D:1      | Reached XP level 2. HP: 15/16 MP: 6/8
   279 | D:1      | Learned a level 2 spell: Wereblood
   480 | D:1      | Found a faded altar of an unknown god.
  1231 | D:2      | Reached XP level 3. HP: 20/20 MP: 7/9
  1422 | D:2      | Noticed Natasha
  1455 | D:2      | Slain by Natasha

Illustrated notes

Levels and vault maps discovered:
D:1:      co_arrival_square_in_a_square_in_a_square, layout_loops_ring,
          dreamdust_ecumenical_altar_angels_and_demons
D:2:      layout_basic, chequers_serial_rivers_small_a, uniq_natasha

Skill      XL: |  1 |
---------------+----+-----
Unarmed Combat | 3 |  3.3
Fighting       | |  0.7
Dodging        | |  2.4
Spellcasting   | |  3.0
Transmutations | |  2.7

Action                   || total
-------------------------++-------
Melee: Unarmed           ||    76
       Kick              ||    20
       Headbutt          ||     5
       Punch             ||     3
 Fire: Hunting sling     ||     7
 Cast: Beastly Appendage ||    21
       Wereblood         ||     2
Armor: Robe              ||    10
Dodge: Dodged            ||    45
